 Dungeon Crawl Stone Soup version 0.17.1-1-g73c8601 (console) character file.

64122 Cab the Severer (level 14, -2/114 HPs)
             Began as a Deep Dwarf Warper on Dec 26, 2015.
             Was a High Priest of Elyvilon.
             Slain by an orc warrior
             ... wielding a +0 halberd
              (30 damage)
             ... on level 4 of the Orcish Mines on Dec 27, 2015.
             The game lasted 02:12:16 (20809 turns).

Cab the Severer (Deep Dwarf Warper)                Turns: 20809, Time: 02:12:16

Health: -2/114     AC: 35    Str: 19    XL:     14   Next: 70%
Magic:  17/18      EV:  7    Int: 15    God:    Elyvilon [*****.]
Gold:   2528       SH:  0    Dex: 12    Spells: 2 memorised, 13 levels left

rFire  . . .     SeeInvis .     X - +4 executioner's axe (freeze)
rCold  . . .     Clarity  +     p - +1 plate armour
rNeg   + . .     SustAt   .     (shield currently unavailable)
rPois  +         Gourm    .     Q - +2 hat
rElec  .         Spirit   .     t - +2 cloak
rCorr  .         Warding  .     U - +2 pair of gloves
rMut   .         Stasis   .     l - +2 pair of boots
MR     ++...                    J - amulet of clarity
Stlth  ..........               M - +5 ring of protection
                                e - ring of poison resistance

@: lethally poisoned (-2 -> -2), very slightly contaminated, non-regenerating,
hasted, very quick, very resistant to hostile enchantments, extremely unstealthy
A: damage resistance, recharge devices, molten scales 1, negative energy
resistance 1, sense surroundings 2, slow regeneration 3
a: Device Recharging, Lesser Healing, Heal Other, Purification, Greater Healing,
Divine Vigour, Divine Protection, Renounce Religion


You were on level 4 of the Orcish Mines.
You worshipped Elyvilon.
Elyvilon was extremely pleased with you.
You were not hungry.

You visited 4 branches of the dungeon, and saw 25 of its levels.
You also visited: Ossuary and Volcano.

You collected 2528 gold pieces.

Inventory:

Hand Weapons
 X - a +4 executioner's axe of freezing (weapon)
Armour
 l - a +2 pair of boots (worn)
 p - a +1 plate armour (worn)
 s - a +0 shield
 t - a +2 cloak (worn)
 O - a +1 shield of fire resistance
 Q - a +2 hat (worn)
 U - a +2 pair of gloves (worn)
Jewellery
 e - a ring of poison resistance (left hand)
 q - an uncursed ring of ice
 r - an uncursed amulet of stasis
 u - an uncursed ring of fire
 H - an uncursed ring of wizardry
 J - an amulet of clarity (around neck)
 M - a +5 ring of protection (right hand)
 W - an uncursed amulet of rage
Wands
 f - a wand of heal wounds (3)
 g - a wand of lightning (8)
 i - a wand of flame (17)
 j - a wand of frost (14)
 k - a wand of heal wounds (3)
 w - a wand of lightning (7)
 y - a wand of confusion (20)
 D - a wand of fireball (9)
 F - a wand of invisibility (4)
 G - a wand of teleportation (5)
 R - a wand of invisibility (3)
 V - a wand of disintegration (15)
Scrolls
 d - 4 scrolls of blinking
 h - 10 scrolls of remove curse
 m - 8 scrolls of teleportation
 I - 4 scrolls of fog
 K - 3 scrolls of fear
 T - 4 scrolls of identify
Potions
 b - a potion of cure mutation
 v - 2 potions of cancellation
 z - 3 potions of flight
 B - a potion of haste
 C - 2 potions of brilliance
 E - 2 potions of magic
 N - 5 potions of agility
 P - 4 potions of might
 S - 4 potions of curing
 Z - a potion of heal wounds
Books
 c - a book of Spatial Translocations

   Spells                             Type                      Level
   a - Apportation                    Translocation                1
   b - Blink                          Translocation                2
   c - Shroud of Golubria             Charms/Translocation         2
   d - Portal Projectile              Translocation                3
   e - Teleport Other                 Translocation                3
   f - Passage of Golubria            Translocation                4
 n - an Akashic Record

   Spells                             Type                      Level
   a - Dispersal                      Translocation                6
   b - Malign Gateway                 Summoning/Translocation      7
   c - Disjunction                    Translocation                8
   d - Controlled Blink               Translocation                8
 x - a book of Summonings

   Spells                             Type                      Level
   a - Recall                         Summoning/Translocation      3
   b - Aura of Abjuration             Summoning                    5
   c - Shadow Creatures               Summoning                    5
   d - Summon Demon                   Summoning                    5
   e - Summon Forest                  Summoning/Translocation      5
   f - Summon Mana Viper              Hexes/Summoning              5
 L - a Grand Grimoire

   Spells                             Type                      Level
   a - Monstrous Menagerie            Summoning                    6
   b - Summon Greater Demon           Summoning                    7
   c - Malign Gateway                 Summoning/Translocation      7
   d - Summon Horrible Things         Summoning                    8
   Elyvilon disapproves of the use of such an item.
Comestibles
 o - 9 meat rations
 Y - 4 royal jellies


   Skills:
 - Level 4.1 Fighting
 * Level 20.8 Axes
 - Level 0.8 Throwing
 * Level 12.3 Armour
 - Level 2.1 Dodging
 - Level 5.4 Shields
 - Level 1.7 Spellcasting
 + Level 4.7 Translocations
 + Level 11.3 Invocations


You had 13 spell levels left.
You knew the following spells:

 Your Spells              Type           Power        Failure   Level  Hunger
a - Apportation           Tloc           ###.......   58%         1    ##.....
b - Shroud of Golubria    Chrm/Tloc      #.........   99%         2    ###....


Dungeon Overview and Level Annotations

Branches:
Dungeon (12/15)            Temple (1/1) D:4            Lair (8/8) D:10
  Snake (0/4) Lair:3        Slime (0/6) Lair:8          Orc (4/4) D:12
    Elf (0/3) Orc:3
  Swamp: Lair:3-6    Shoals: Lair:3-6

Altars:
Ashenzari
Elyvilon
Fedhas
Gozag
Kikubaaqudgha
Nemelex Xobeh
Okawaru
Sif Muna
Trog
Vehumet
The Shining One
Jiyva

Shops:
D:5 %   D:9 :

Annotations:
D:10 Gargoyl's ghost, novice DsAK
Lair:1 Arkorax's ghost, journeyman DrTm
Lair:2 exclusion: oklob plant
Lair:6 exclusion: oklob plant
Orc:3 exclusion: oklob plant


Innate Abilities, Weirdness & Mutations

You are resistant to damage.
You can recharge devices by infusing magical energy.
You resist negative energy.
You passively map the area around you.
You do not regenerate naturally.
You are partially covered in molten scales (AC +1).


Message History

The orc high priest calls down the wrath of Beogh upon you.
Something smites you!
You closely miss the orc warrior.
The orc warrior is severely wounded.
Your plate armour prevents you from hitting the troll.
You slash the orc warrior! You freeze the orc warrior.
You kill the orc warrior!
Your plate armour prevents you from hitting the orc warrior.
The orc warrior is heavily wounded.
You closely miss the orc.
The orc is almost dead.
You slash the ogre! You freeze the ogre.
The ogre is moderately wounded.
The orc warrior completely misses you.
The orc warlord roars a battlecry!
The orc warlord hits you from afar with a halberd of venom!!
* * * LOW HITPOINT WARNING * * *
The ogre hits you but does no damage.
The orc warrior hits you with a halberd!!
You die... ░ ··· ░ · · ·· · ∙∙∙∙∙∙∙∙∙∙▒∙P∙∙∙∙∙∙∙ · ∙o∙∙$∙∙∙∙$∙∙∙∙P∙o∙∙· · · ░ ·∙ooo∙o∙∙∙∙∙∙∙∙∙4∙P ·· ∙o∙o∙∙∙∙∙▒∙∙∙∙∙oo · ·∙ooo∙∙∙∙∙∙∙∙∙∙

░ · ·∙o∙∙∙∙∙∙∙∙∙·
· ░ ·▒oOo∙∙▒∙)▒ ░
░·· · ▒o@o∙▒∙∙<▒
░·░ ░ ·
▒∙∙o▒)T∙▒∙o∙)▒ ·
░· $∙∙▒o
▒∙∙▒∙$∙∙∙∙∙ · ·░
░ ∙ ∙∙
∙∙∙∙▒∙▒∙∙∙∙∙∙· ░·
∙∙·
PP∙∙∙▒∙∙∙∙∙∙∙∙∙·
· ░ ·∙P ·
∙∙P∙∙∙∙∙∙o∙∙∙▒∙▒░
∙


∙P∙∙∙∙∙∙∙∙∙∙∙∙ ▒ · ░ 8 ·∙∙∙∙∙∙∙∙∙∙▒∙∙∙∙∙·· · · · ··· You could see 2 orc
warlords, an orc knight (frenzied), an orc high priest (frenzied), a troll, 4
orc warriors, an ogre, an orc priest (frenzied), an orc wizard (frenzied) and 8
orcs.

Vanquished Creatures
  Rupert (Orc:2)
  Gastronok (Lair:3)
  Snorg (Lair:3)
  Josephine (Lair:5)
  Erolcha (D:11)
  The ghost of Andry07 the Blocker, a journeyman VSFi of the Shining One (Lair:2)
  Urug (Volcano)
  The ghost of DeXoteric the Slinger, a novice HaHu of Cheibriados (D:9)
  Nergalle (Lair:2)
  An unseen horror (D:10)
  An ugly thing (D:12)
  2 hornets (Lair:8)
  2 orc knights
  A cyclops (D:11)
  2 wolf spiders (Lair:8)
  3 griffons
  9 elephants
  6 black mambas
  Psyche (D:11)
  2 gargoyles
  A torpor snail (Lair:5)
  13 spiny frogs
  A kobold demonologist (D:11)
  5 komodo dragons
  3 fire drakes
  10 polar bears (Lair:8)
  3 trolls
  22 blink frogs
  2 two-headed ogres
  A trapdoor spider zombie (D:8)
  A raiju (Lair:8)
  A spriggan (D:7)
  A deep elf mage (D:9)
  41 yaks
  4 hippogriffs
  Grum (D:11)
  3 vampire mosquitoes (D:11)
  5 fire bats
  A naga (Lair:3)
  3 wyverns
  3 hungry ghosts
  A steam dragon (D:9)
  2 basilisks
  5 wraiths
  8 wargs
  11 porcupines
  3 swamp worms (Lair:3)
  18 water moccasins
  3 sky beasts
  6 spiders (Lair:8)
  14 wolves
  4 hell hounds (Lair:8)
  2 wasps
  14 black bears
  9 ogres
  3 phantoms
  19 orc warriors
  The ghost of Cab the Chopper, an amateur DDWr (D:3)
  4 centaurs
  3 ice beasts
  A brain worm (Lair:6)
  10 crocodiles
  18 giant frogs
  A wyvern zombie (Ossuary)
  4 scorpions
  2 troll zombies (D:12)
  12 killer bees
  5 wights
  A quasit (D:8)
  5 lava snakes (Volcano)
  2 bog bodies (Ossuary)
  4 centaur zombies
  4 crimson imps
  22 hounds
  4 jellies
  19 orc wizards
  3 giant frog zombies (Ossuary)
  A giant frog skeleton (D:10)
  8 orc priests
  A centaur skeleton (D:6)
  5 iguanas
  14 worker ants
  A killer bee zombie (Ossuary)
  17 sheep
  4 ogre zombies (D:12)
  8 mummies (Ossuary)
  3 hound zombies (Ossuary)
  A hound skeleton (D:4)
  2 worker ant zombies (Ossuary)
  6 gnolls
  3 shadow imps
  22 adders
  65 river rats
  3 white imps (Lair:8)
  3 adder zombies (Ossuary)
  2 worms
  2 adder skeletons
  11 giant geckos
  135 orcs
  A ball python (D:3)
  3 bats
  5 giant cockroaches
  7 goblins
  10 hobgoblins
  11 kobolds
  8 quokkas
  A giant cockroach zombie (Ossuary)
  2 giant gecko skeletons (D:6)
  3 giant gecko zombies
  A goblin skeleton (D:12)
  2 goblin zombies (D:12)
  A hobgoblin skeleton (D:12)
  2 hobgoblin zombies (D:12)
  19 jackals
  A jackal skeleton (D:6)
  A jackal zombie (Ossuary)
  An orc skeleton (D:12)
  12 orc zombies (D:12)
  2 quokka skeletons
  2 quokka zombies (Ossuary)
  5 rats
  A bush (Lair:3)
  6 fungi
  15 plants
850 creatures vanquished.

Vanquished Creatures (others)
  2 elephants (Lair:6)
  A fire drake (Lair:8)
  A hippogriff (Lair:8)
  16 fungi
  6 plants (Lair:8)
26 creatures vanquished.

Grand Total: 876 creatures vanquished

Notes
Turn   | Place    | Note
--------------------------------------------------------------
     0 | D:1      | Cab the Deep Dwarf Warper began the quest for the Orb.
     0 | D:1      | Reached XP level 1. HP: 19/19 MP: 3/3
   163 | D:1      | Reached XP level 2. HP: 13/26 MP: 4/4
   596 | D:1      | Learned a level 2 spell: Shroud of Golubria
  1138 | D:2      | Reached XP level 3. HP: 23/32 MP: 5/5
  1435 | D:2      | Reached skill level 4 in Axes
  1753 | D:3      | Noticed Cab's ghost (amateur DDWr)
  1785 | D:3      | Reached XP level 4. HP: 14/39 MP: 2/6
  1786 | D:3      | Killed Cab's ghost
  1786 | D:3      | Reached skill level 5 in Axes
  1786 | D:3      | Reached XP level 5. HP: 9/45 MP: 2/7
  1940 | D:3      | Found a bloodstained altar of Trog.
  1940 | D:3      | Found a blossoming altar of Fedhas.
  2164 | D:3      | Found a sparkling altar of Nemelex Xobeh.
  2292 | D:4      | Found a staircase to the Ecumenical Temple.
  2306 | Temple   | Entered the Ecumenical Temple
  2347 | Temple   | Became a worshipper of Elyvilon the Healer
  2585 | D:4      | Noticed a phantom
  2608 | D:4      | Reached skill level 6 in Axes
  2708 | D:4      | Reached XP level 6. HP: 16/52 MP: 8/8
  2744 | D:4      | Killed a phantom
  2934 | D:4      | Reached skill level 7 in Axes
  2935 | D:4      | Noticed an ogre
  3066 | D:5      | Entered Level 5 of the Dungeon
  3072 | D:5      | Found Biczapuh's Food Emporium.
  3211 | D:5      | Reached * piety under Elyvilon
  3213 | D:5      | Reached XP level 7. HP: 36/58 MP: 9/9
  3304 | D:5      | Reached skill level 1 in Shields
  3411 | D:5      | You fall through a shaft for 2 floors!
  3424 | D:7      | Reached skill level 8 in Axes
  3610 | D:7      | Reached skill level 9 in Axes
  3676 | D:7      | Reached XP level 8. HP: 28/66 MP: 5/10
  3815 | D:7      | Reached skill level 1 in Invocations
  3821 | D:7      | Found a glowing golden altar of the Shining One.
  3940 | D:7      | Noticed a spriggan baker
  3962 | D:7      | Killed a spriggan baker
  4116 | D:7      | Reached skill level 10 in Axes
  4350 | D:6      | Reached ** piety under Elyvilon
  4625 | D:5      | Found a radiant altar of Vehumet.
  4638 | D:5      | Noticed a yak
  4638 | D:5      | Noticed a yak
  4639 | D:5      | Noticed a yak
  4639 | D:5      | Noticed a yak
  4640 | D:5      | Noticed a yak
  4641 | D:5      | Gained mutation: You are agile. (Dex +2) [potion of mutation]
  4641 | D:5      | Gained mutation: You are partially covered in molten scales (AC +1). [potion of mutation]
  4641 | D:5      | Gained mutation: You have a pair of small antennae on your head. [potion of mutation]
  4734 | D:4      | Killed a yak
  4828 | D:4      | Killed an ogre
  4828 | D:4      | Gained mutation: You passively map the area around you. [Deep Dwarf growth]
  4828 | D:4      | Reached XP level 9. HP: 34/73 MP: 7/11
  5141 | D:5      | Killed a yak
  5141 | D:5      | Reached skill level 5 in Shields
  5154 | D:5      | Killed a yak
  5185 | D:5      | Killed a yak
  5197 | D:5      | Killed a yak
  5197 | D:5      | Reached skill level 11 in Axes
  5638 | D:6      | Reached skill level 5 in Invocations
  6275 | D:8      | Reached skill level 5 in Armour
  6428 | D:8      | Found a sand-covered staircase.
  6434 | Ossuary  | Entered an ossuary
  6641 | Ossuary  | Reached XP level 10. HP: 50/80 MP: 13/13
  6764 | Ossuary  | Reached skill level 12 in Axes
  7020 | D:9      | Noticed DeXoteric's ghost (novice HaHu)
  7170 | D:9      | Found an iron altar of Okawaru.
  8529 | D:9      | Killed DeXoteric's ghost
  8613 | D:9      | Found Rytun's Book Boutique.
  8816 | D:10     | Entered Level 10 of the Dungeon
  8973 | D:10     | Killed an unseen horror
  9097 | D:10     | Found a staircase to the Lair.
  9097 | D:10     | Noticed an elephant
  9124 | D:10     | Killed an elephant
  9124 | D:10     | Reached skill level 13 in Axes
  9186 | D:10     | Noticed Gargoyl's ghost (novice DsAK)
  9219 | Lair:1   | Entered Level 1 of the Lair of Beasts
  9237 | Lair:1   | Reached XP level 11. HP: 36/86 MP: 11/15
  9287 | Lair:1   | Found a dark tunnel.
  9302 | Volcano  | Entered a volcano
  9395 | Volcano  | Found a bloodstained altar of Trog.
  9395 | Volcano  | Noticed Urug
  9416 | Volcano  | Killed Urug
  9671 | Lair:1   | Noticed Joseph
  9676 | Lair:1   | Pacified Joseph
  9981 | Lair:1   | Noticed Arkorax's ghost (journeyman DrTm)
 10135 | Lair:2   | HP: 3/86 [poisoned by a black mamba]
 10392 | Lair:2   | Noticed Nergalle
 10412 | Lair:2   | Noticed a spectral orc warlord
 10415 | Lair:2   | Killed Nergalle
 10415 | Lair:2   | Reached skill level 10 in Armour
 10439 | Lair:2   | Noticed Andry07's ghost (journeyman VSFi)
 10455 | Lair:2   | Killed Andry07's ghost
 10460 | Lair:2   | Found a shattered altar of Ashenzari.
 10777 | Lair:2   | Reached skill level 14 in Axes
 11292 | Lair:3   | Reached skill level 10 in Invocations
 11330 | Lair:3   | Found a sparkling altar of Nemelex Xobeh.
 11460 | Lair:3   | Found a staircase to the Snake Pit.
 11548 | Lair:3   | Noticed Gastronok
 11581 | Lair:2   | Reached XP level 12. HP: 27/93 MP: 17/17
 11623 | Lair:3   | Killed Gastronok
 11623 | Lair:3   | Reached skill level 15 in Axes
 11632 | Lair:3   | Lost mutation: You are agile. (Dex +2) [potion of cure mutation]
 11632 | Lair:3   | Lost mutation: You have a pair of small antennae on your head. [potion of cure mutation]
 11785 | Lair:3   | Noticed Snorg
 11822 | Lair:3   | Killed Snorg
 12313 | Lair:4   | Reached skill level 16 in Axes
 12822 | Lair:5   | Found a shattered altar of Ashenzari.
 12867 | Lair:5   | Noticed Josephine
 13032 | Lair:6   | Reached *** piety under Elyvilon
 13322 | Lair:6   | Noticed an eight-headed hydra
 13329 | Lair:6   | Pacified an eight-headed hydra
 13362 | Lair:6   | Reached XP level 13. HP: 48/105 MP: 18/18
 13804 | Lair:5   | Killed Josephine
 13804 | Lair:5   | Reached skill level 17 in Axes
 14562 | Lair:7   | Found an ancient bone altar of Kikubaaqudgha.
 15164 | Lair:8   | Entered Level 8 of the Lair of Beasts
 15274 | Lair:8   | Reached **** piety under Elyvilon
 15335 | Lair:8   | Reached skill level 18 in Axes
 15960 | Lair:8   | Reached skill level 19 in Axes
 16116 | Lair:8   | Found a viscous altar of Jiyva.
 16116 | Lair:8   | Found a staircase to the Slime Pits.
 16175 | Lair:8   | Gained mutation: You resist negative energy. [Deep Dwarf growth]
 16175 | Lair:8   | Reached XP level 14. HP: 76/114 MP: 20/20
 17671 | D:11     | Reached skill level 20 in Axes
 17850 | D:11     | Noticed Grum
 17864 | D:11     | Killed Grum
 17963 | D:11     | Noticed Erolcha
 17973 | D:11     | Killed Erolcha
 18085 | D:11     | Noticed Psyche
 18088 | D:11     | Killed Psyche
 18430 | D:12     | Found a staircase to the Orcish Mines.
 19143 | Orc:1    | Entered Level 1 of the Orcish Mines
 19392 | Orc:2    | Found a bloodstained altar of Trog.
 19439 | Orc:2    | Noticed Rupert
 19450 | Orc:2    | Paralysed by Rupert for 7 turns
 19470 | Orc:2    | Killed Rupert
 20052 | Orc:3    | Found a staircase to the Elven Halls.
 20182 | Orc:3    | Reached ***** piety under Elyvilon
 20686 | Orc:4    | Entered Level 4 of the Orcish Mines
 20744 | Orc:4    | Noticed an orc warlord
 20792 | Orc:4    | Noticed an orc warlord
 20809 | Orc:4    | Slain by an orc warrior

Action                   |  1- 3 |  4- 6 |  7- 9 | 10-12 | 13-15 || total
-------------------------+-------+-------+-------+-------+-------++-------
Melee: Hand axe          |   153 |   193 |   792 |   257 |       ||  1395
       Battleaxe         |       |       |       |  1356 |   571 ||  1927
       Executioner's axe |       |       |       |       |   581 ||   581
 Cast: Shroud of Golubri |     1 |       |     2 |       |       ||     3
Invok: Lesser Healing    |       |       |    45 |   144 |    72 ||   261
       Heal Other        |       |       |     2 |    11 |     8 ||    21
       Greater Healing   |       |       |       |       |     1 ||     1
 Abil: Device Recharging |       |       |     1 |     1 |     2 ||     4
Evoke: Wand              |     7 |     4 |     6 |    17 |     9 ||    43
  Use: Scroll            |     7 |     4 |    10 |    14 |     6 ||    41
       Potion            |     1 |     2 |     9 |     6 |     5 ||    23
  Eat: Chunk             |     2 |     3 |       |       |       ||     5
       Fruit             |       |     2 |       |       |     2 ||     4
       Beef jerky        |       |     1 |     1 |       |     2 ||     4
       Bread ration      |       |       |     4 |    10 |     2 ||    16
       Royal jelly       |       |       |     1 |     1 |     9 ||    11
       Pizza             |       |       |     1 |     1 |       ||     2
       Meat ration       |       |       |       |     1 |     3 ||     4
